mdma, chaotic male human Rogue ---- --...- |..... -..... |....I--- -...I<| | ---.- |... ---... ...| .)-- .. .- . .. .| -- mdma the Cutpurse Experience level: 4 Strength: 16 Dexterity: 18 Constitution: 12 Intelligence: 10 Wisdom: 9 Charisma: 12 Health: 0(35) Energy: 12(12) Def: 2 Gold: 605 Moves: 2056 Dungeon seed: LmIMxVdD5xdUXBPl Game ID: mdma_1529503062 Your Inventory: Coins $ - 605 gold pieces Weapons a - a +0 short sword (weapon in hand) b - 7 +0 daggers (in quiver) g - a +0 sling m - a +2 orcish dagger t - a cursed -1 elven dagger u - 14 +0 darts Armor e - an uncursed +0 dwarvish iron helm (being worn) y - an uncursed +0 orcish helm z - a cursed -2 pair of iron shoes (being worn) Scrolls l - an uncursed scroll of create monster o - a cursed scroll of identify Spellbooks i - an uncursed spellbook of create monster Potions c - 2 uncursed potions of sickness h - a cursed potion of booze k - an uncursed potion of gain ability Tools d - an uncursed lock pick f - an uncursed sack j - an uncursed magic whistle p - an uncursed towel Gems n - 4 uncursed worthless pieces of white glass q - an uncursed worthless piece of orange glass r - an uncursed topaz stone Spells and supernatural/magical abilities: Name Level Category Fail Memory W - pray for help -- divine ? -- Your skills at the end: Fighting Skills Weapon Skills dagger [Basic] short sword [Basic] Spellcasting Skills Final Attributes: You were piously aligned. You were stealthy. You are dead. Vanquished creatures: 2 shriekers 2 gnome lords a dwarf a kobold lord a hobbit 2 large kobolds a hobgoblin 6 gnomes 4 geckos 9 jackals a kobold a goblin 2 sewer rats 2 grid bugs 2 lichens 5 newts 42 creatures vanquished. Voluntary challenges: You used a wielded weapon 29 times, starting on turn 230. You read items or engraved 1 time, starting on turn 1947. You never genocided any monsters. You never polymorphed an object. You never changed form. You used no wishes. You never split a pudding. You never wrote Elbereth's name. You never violated your personal moral code. Dungeon overview: The Dungeons of Doom: levels 1 to 3 Level 1 a fountain a long staircase Level 2 Level 3 stairs to The Gnomish Mines The Gnomish Mines: levels 4 to 5 Level 4 stairs to The Dungeons of Doom Level 5 <- You were here History has recorded: On T:1 you entered the Dungeons of Doom to retrieve the Amulet of Yendor! On T:235 you reached level 2 of The Dungeons of Doom. On T:270 you reached level 3 of The Dungeons of Doom. On T:575 you advanced to experience level 2. On T:1159 you advanced to experience level 3. On T:1464 you reached level 1 of The Gnomish Mines. On T:1542 you reached level 2 of The Gnomish Mines. On T:1823 you advanced to experience level 4. Score breakdown: Gold: 605 ( 9465 points) Experience: 4 levels ( 9649 points) Exploration: 5 levels ( 10.00%) ( 8571 points) Discoveries: 4 items ( 1.34%) ( 3475 points) Valuables value: (no points given unless you survive) Artifact value: 0 ( 0 points) Variety of kills: 16 monsters ( 4.20%) ( 6147 points) Turncount: 2056 turns ( -41 points) Survival: died (score multiplied by 80%) Total score: 29812 Latest messages: The little dog misses the gnome lord. The gnome lord swings his thonged club. The gnome lord hits! The little dog misses the gnome lord. You hit the gnome lord. The little dog bites the gnome lord. You kill the gnome lord! You hear some noises. It is hit. It is destroyed! b - a +0 dagger (in quiver). There are a few more objects here. The gnome lord hits! The little dog misses the gnome lord. The dwarf zaps a silver wand! The sleep ray hits the newt. The sleep ray hits the little dog. The sleep ray hits you! The sleep ray hits it. It is missed. It is hit. It is destroyed! It is hit. It hits! (7x) You die... Final status: Goodbye mdma the Rogue, killed by a gnome lord, while sleeping... You died in The Gnomish Mines on dungeon level 5 with 29812 points, and 605 pieces of gold, after 2056 moves. You were level 4 with a maximum of 35 hit points when you died.